 Dungeon Crawl Stone Soup version 0.31-a0-7-g51783674b7 (webtiles) character file.

Game seed: 12976491811100732060

80030 Anon1729 the Executioner (level 15, -8/138 (145) HPs)
             Began as a Minotaur Monk on May 5, 2023.
             Was the Champion of Ru.
             Shot with an arrow by a centaur warrior (15 damage)
             ... on level 14 of the Dungeon.
             The game lasted 00:27:55 (25241 turns).

Anon1729 the Executioner (Minotaur Monk)           Turns: 25241, Time: 00:27:56

HP:   -8/138 (145)  AC: 19    Str: 23    XL:     15   Next: 22%
MP:   14/14         EV:  8    Int:  7    God:    Ru [******]
Gold: 2356          SH:  0    Dex: 13    Spells: 14/14 levels left

rFire   + . .        J - +0 war axe (vamp)
rCold   . . .        d - orb {light}
rNeg    . . .        O - +0 plate armour
rPois   .            (helmet restricted)
rElec   .            l - scarf {rC+ rF+}
rCorr   .            f - +0 pair of gloves
SInv    .            (no boots)
Will    +....        (no amulet) Stlth
                     m - ring of protection from cold
HPRegen 0.43/turn    s - ring of fire
MPRegen 0.14/turn

%: no passive effects
@: exhausted, glowing, lightly drained
A: horns 2, inability to use devices, hated by all, inability to train dodging,
temperature sensitive, retaliatory headbutt, screaming 1
a: Renounce Religion, Draw Out Power, Power Leap, Apocalypse


You were on level 14 of the Dungeon.
You worshipped Ru.
Ru was exalted by your worship.
You visited 3 branches of the dungeon, and saw 21 of its levels.
You visited the Abyss 1 time.
You also visited: Ossuary.

You collected 2754 gold pieces.
You spent 398 gold pieces at shops.

Inventory:

Hand Weapons
 a - a +0 hand axe
 G - a +0 war axe
 J - a +0 vampiric war axe (weapon)
Missiles
 H - 2 throwing nets (quivered)
Armour
 b - a +0 robe
 d - an orb of light (worn)
 f - a +0 pair of gloves (worn)
 l - a scarf of resistance (worn)
 q - a +0 chain mail
 w - a +1 scale mail of poison resistance
 O - a +0 plate armour (worn)
Jewellery
 j - a ring of protection from cold
 m - a ring of protection from cold (left hand)
 s - a ring of fire (right hand)
 M - an amulet of guardian spirit
 P - a ring of fire
 R - a +6 ring of strength
 T - a ring of magical power
 W - a ring of protection from fire
 X - a ring of ice
 Y - a ring of flight
Scrolls
 g - a scroll of brand weapon
 h - a scroll of torment {unknown}
 i - 6 scrolls of amnesia
 p - 2 scrolls of poison {unknown}
 t - 9 scrolls of vulnerability
 u - 3 scrolls of blinking
 y - 5 scrolls of fog
 B - 4 scrolls of enchant weapon
 F - 3 scrolls of fear
 I - 3 scrolls of magic mapping {unknown}
 K - 2 scrolls of acquirement {unknown}
 N - a scroll of immolation
 Q - 6 scrolls of identify
 U - 2 scrolls of silence {unknown}
 V - 3 scrolls of enchant armour
Potions
 c - 4 potions of ambrosia
 e - 9 potions of curing
 k - 2 potions of brilliance
 n - 6 potions of lignification
 o - 2 potions of invisibility {unknown}
 r - 3 potions of resistance {unknown}
 v - 2 potions of berserk rage {unknown}
 z - 4 potions of flight
 A - 3 potions of might
 C - 3 potions of attraction {unknown}
 D - 2 potions of mutation {unknown}
 E - 2 potions of haste
 L - 2 potions of magic {unknown}
 S - 2 potions of cancellation {unknown}


   Skills:
 + Level 16.6 Fighting
 * Level 22.5 Axes
 + Level 16.2 Armour


You had 14 spell levels left.
You didn't know any spells.
Your spell library contained the following spells:

 Spells                   Type           Power      Damage    Failure   Level
 Slow                     Hex            0%         N/A       98%         1
 Sting                    Tmut/Pois      0%         1d3       98%         1
 Poisonous Vapours        Pois/Air       0%         N/A       99%         2
 Confusing Touch          Hex            0%         N/A       100%        3
 Hailstorm                Conj/Ice       0%         3d3       100%        3
 Inner Flame              Hex/Fire       0%         N/A       100%        3
 Vampiric Draining        Necr           0%         2d6       100%        3
 Vhi's Electric Charge    Tloc/Air       0%         N/A       100%        3
 Volatile Blastmotes      Fire/Tloc      0%         2d10      100%        3
 Flame Wave               Conj/Fire      0%         2d4       100%        4
 Fulminant Prism          Conj/Hex       0%         3d5       100%        4
 Ice Form                 Ice/Tmut       0%         N/A       100%        4
 Iskenderun's Mystic Bla  Conj/Tloc      0%         2d3       100%        4
 Olgreb's Toxic Radiance  Pois           0%         N/A       100%        4
 Sticky Flame             Conj/Fire      0%         2d3       100%        4
 Arcjolt                  Conj/Air       0%         1d10      100%        5
 Lee's Rapid Deconstruct  Erth           0%         3d4*      100%        5
 Maxwell's Capacitive Co  Air            0%         ∞         100%        8
 Simulacrum               Ice/Necr       Unusable   N/A       N/A         6

Dungeon Overview and Level Annotations

Branches:
Dungeon (14/15)            Temple (0/1) D:4            Lair (5/5) D:10
  Swamp (0/4) Lair:2       Spider (0/4) Lair:2        Slime (0/5) Lair:4
    Orc (2/2) D:12            Elf (0/3) Orc:2        Vaults (0/5) D:13
Ossuary (visited)

Altars:
Ru
Wu Jian

Shops:
D:8 (   Orc:2 ?([:

Annotations:
D:13 Azrael
Lair:1 exclusion: 2 oklob plants


Innate Abilities, Weirdness & Mutations

You have a pair of horns on your head.
You cannot study or use magical devices.
You are hated by all.
You cannot train Dodging skill.
You are sensitive to extremes of temperature. (rF-, rC-)
You reflexively headbutt those who attack you in melee.
You occasionally shout uncontrollably at your foes.


Message History

The white ugly thing attacks as you move away!
The white ugly thing completely misses you.
You furiously retaliate!
You headbutt the white ugly thing!
Okay, then.
You are restored by drawing out deep reserves of power within.
You feel drained.
The white ugly thing bites you but does no damage.
You cannot evoke magical items.
As you read the scroll of teleportation, it crumbles to dust.
You feel strangely unstable.
The white ugly thing stops glowing.
The purple ugly thing barely misses you.
The white ugly thing bites you but does no damage.
The purple ugly thing attacks as you move away!
The purple ugly thing barely misses you.
The white ugly thing basks in the mutagenic energy from its kin and changes!
The purple ugly thing attacks as you move away!
The purple ugly thing trunk-slaps you but does no damage.
The purple ugly thing attacks as you move away!
The purple ugly thing barely misses you.
You furiously retaliate!
You headbutt the purple ugly thing!
The purple ugly thing basks in the mutagenic energy from its kin and changes!
Your surroundings suddenly seem different.
A centaur warrior comes into view.
Found 17 gold pieces.
Found a stone staircase leading down.
The centaur warrior shouts!
The centaur warrior wields a +0 shortbow.
The centaur warrior shoots an arrow.
The arrow hits you!
* * * LOW HITPOINT WARNING * * *
The centaur warrior shoots an arrow.
The arrow hits you.
* * * LOW HITPOINT WARNING * * *
The centaur warrior shoots an arrow.
The arrow hits you!
* * * LOW HITPOINT WARNING * * *
The centaur warrior shoots an arrow.
The arrow hits you!
* * * LOW HITPOINT WARNING * * *
You focus your inner power and blind the centaur warrior in retribution!
A troll comes into view.
The centaur warrior shoots an arrow.
The arrow hits you!
* * * LOW HITPOINT WARNING * * *
The centaur warrior shoots an arrow.
The arrow hits you!
You die...

..............^.#######
#
.......................
.
#.....................
.
#....T................
.
#.....................
.
#.........<...........
.
#.....................
.
#.....................
.
#...........@.........
.
#.....................
.
###....................
.
.......................
.
##############..#######
# #..# #c.# #..# #..#


You could see a centaur warrior (blind) and a troll (wandering).

Vanquished Creatures
  Saint Roka (Orc:2)
  Gastronok (D:11)
  Snorg (D:13)
  Josephine (Orc:1)
  A rakshasa (D:13)
  2 hydras
  Fannar (Orc:1)
  4 vault guards (D:13)
  Erica (Orc:1)
  2 catoblepae (Lair:5)
  A death knight (D:13)
  2 centaur warriors (D:13)
  3 boulder beetles
  A two-headed ogre (D:11)
  6 death yaks
  Nergalle (Lair:3)
  Sonja (D:13)
  A sun demon (D:10)
  15 spriggans (Lair:5)
  Lodul (D:11)
  A wizard (D:14)
  Pikel (D:7)
  An orc knight (Orc:2)
  A lindwurm (Lair:4)
  3 cyclopes
  2 deep elf pyromancers (D:12)
  6 orc sorcerers
  5 ugly things
  A manticore (D:8)
  2 oklob plants
  15 elephants
  Joseph (D:8)
  A rust devil (D:10)
  2 black mambas
  2 gargoyles
  4 smoke demons (D:10)
  2 unseen horrors (D:12)
  9 cane toads
  Maggie (D:10)
  4 ice devils
  2 rime drakes
  2 efreet (D:13)
  11 komodo dragons
  A freezing wraith (D:14)
  4 red devils (D:10)
  6 polar bears
  5 trolls
  6 hornets
  3 meliai (D:13)
  3 hellwings
  12 blink frogs
  2 dream sheep (Lair:5)
  6 slime creatures (D:14)
  3 culicivoras
  A ynoxinul (D:10)
  A fire elemental (D:13)
  7 wraiths
  2 wyverns (Lair:2)
  4 basilisks
  31 yaks
  2 vampires
  3 chaos spawn (D:10)
  A neqoxec (D:9)
  2 vampire mosquitoes
  4 wargs (Orc:2)
  A swamp worm (Lair:2)
  3 redbacks
  2 acid dragons
  11 water moccasins
  A hell hound (D:13)
  An ice beast (D:7)
  3 black bears
  11 orc warriors
  4 boggarts (Lair:5)
  14 ogres
  28 wolves
  A phantom (D:7)
  6 centaurs
  A lemure (D:7)
  A kobold brigand (D:7)
  2 gnoll sergeants
  10 bullfrogs
  A scorpion (D:7)
  8 wights
  14 killer bees
  4 howler monkeys
  8 quasits
  A gnoll bouda (D:7)
  3 hounds
  9 orc priests
  4 jellies
  Natasha (thrice) (D:2)
  2 iguanas
  6 hell rats (Lair:4)
  44 orc wizards
  A boggart simulacrum (D:12)
  7 mummies (Ossuary)
  14 gnolls
  9 adders
  A white imp (D:5)
  2 ufetubi
  A worm (D:3)
  2 dart slugs (D:3)
  89 orcs
  10 endoplasms
  5 giant cockroaches
  8 goblins
  10 hobgoblins
  13 jackals
  5 quokkas
  8 ball pythons
  7 bats
  4 frilled lizards
  4 gnoll zombies (Ossuary)
  A hobgoblin zombie (Ossuary)
  11 kobolds
  2 kobold zombies (Ossuary)
  An orc zombie (Ossuary)
  2 quokka zombies (D:4)
  7 rats
666 creatures vanquished.

Vanquished Creatures (others)
  3 hydras
  A boulder beetle (D:13)
  A two-headed ogre (D:9)
  A slime creature (D:14)
  A lindwurm (Lair:5)
  An orc sorcerer (Orc:2)
  A smoke demon (D:10)
  A basilisk (Lair:1)
  A vampire mosquito (D:12)
  A mummy (Ossuary)
  An orc (D:11)
  A bush (Lair:5)
  8 demonic plants (D:10)
  21 fungi
  63 plants
  3 toadstools (D:8)
109 creatures vanquished.

Grand Total: 775 creatures vanquished

Notes
Turn   | Place    | Note
-------+----------+-------------------------------------------
     0 | D:1      | Anon1729 the Minotaur Monk began the quest for the Orb.
     0 | D:1      | Reached XP level 1. HP: 19/19 MP: 0/0
    59 | D:1      | Reached XP level 2. HP: 27/27 MP: 1/1
    87 | D:1      | Reached skill level 4 in Axes
   295 | D:1      | Reached XP level 3. HP: 33/33 MP: 2/2
   296 | D:1      | Found a faded altar of an unknown god.
   303 | D:1      | Prayed at the altar of an unknown god.
   303 | D:1      | Became a worshipper of Ru the Awakened
   315 | D:1      | Gained mutation: You cannot train Dodging skill. [Ru
                  | sacrifice]
   315 | D:1      | Reached * piety under Ru
   637 | D:2      | Reached skill level 1 in Armour
   848 | D:2      | Reached XP level 4. HP: 38/40 MP: 3/3
   857 | D:2      | Noticed Natasha
   862 | D:2      | Killed Natasha
   864 | D:2      | Reached skill level 5 in Axes
   880 | D:2      | Noticed Natasha
   892 | D:2      | Killed Natasha
   894 | D:2      | Noticed Natasha
  1027 | D:2      | Killed Natasha
  1028 | D:2      | Reached XP level 5. HP: 47/47 MP: 4/4
  1408 | D:3      | Noticed a centaur
  1413 | D:3      | Killed a centaur
  1414 | D:3      | Reached skill level 5 in Fighting
  1432 | D:3      | Reached skill level 6 in Axes
  1632 | D:3      | Reached XP level 6. HP: 56/56 MP: 5/5
  2369 | D:4      | Found a sand-covered staircase.
  2384 | Ossuary  | Entered an ossuary
  2391 | Ossuary  | Gained mutation: You cannot study or use magical devices.
                  | [Ru sacrifice]
  2391 | Ossuary  | Reached ** piety under Ru
  2391 | Ossuary  | Reached *** piety under Ru
  2809 | D:4      | Reached skill level 7 in Axes
  2913 | D:4      | Found a staircase to the Ecumenical Temple.
  3049 | D:5      | Entered Level 5 of the Dungeon
  3118 | D:5      | Noticed a water moccasin
  3125 | D:5      | Reached XP level 7. HP: 55/62 MP: 6/6
  3449 | D:5      | Reached skill level 8 in Axes
  4086 | D:5      | Found an ornate altar of the Wu Jian Council.
  4424 | D:6      | Reached skill level 5 in Armour
  4430 | D:6      | Reached XP level 8. HP: 58/71 MP: 7/7
  4520 | D:6      | Gained mutation: You are hated by all. [Ru sacrifice]
  4520 | D:6      | Reached **** piety under Ru
  5311 | D:7      | Reached skill level 9 in Axes
  5760 | D:7      | Reached skill level 10 in Axes
  5915 | Abyss:1  | Cast into level 1 of the Abyss (orc)
  5928 | Abyss:1  | Found a corrupted altar of Lugonu.
  5948 | Abyss:1  | Found a corrupted altar of Lugonu.
  5975 | D:8      | Escaped the Abyss
  5985 | D:8      | Reached XP level 9. HP: 44/81 MP: 8/8
  6272 | D:8      | Noticed Pikel
  6332 | D:7      | Killed Pikel
  6333 | D:7      | Reached skill level 11 in Axes
  6678 | D:8      | Gained mutation: You are sensitive to extremes of
                  | temperature. (rF-, rC-) [Ru sacrifice]
  6678 | D:8      | Reached ***** piety under Ru
  6678 | D:8      | Reached ****** piety under Ru
  6699 | D:8      | Noticed Joseph
  6713 | D:8      | Killed Joseph
  6926 | D:8      | Noticed a purple ugly thing
  6944 | D:8      | Killed a purple ugly thing
  6945 | D:8      | Reached skill level 12 in Axes
  7229 | D:8      | Noticed a manticore
  7233 | D:8      | Killed a manticore
  7234 | D:8      | Reached XP level 10. HP: 54/91 MP: 9/9
  7419 | D:8      | Found Feqaots's Weapon Boutique.
  7419 | D:8      | Noticed a +0 demon trident
  7422 | D:8      | Noticed a +0 demon trident
  7431 | D:8      | Bought a +0 vampiric war axe for 150 gold pieces
  7771 | D:9      | Identified the +5 sling of Dissatisfaction {flame, rCorr
                  | Stlth+}
  8029 | D:9      | Noticed a two-headed ogre
  8036 | D:9      | Killed a two-headed ogre
  8037 | D:9      | Reached skill level 13 in Axes
  8386 | D:10     | Entered Level 10 of the Dungeon
  8690 | D:10     | Noticed a rust devil
  8690 | D:10     | Noticed a smoke demon
  8690 | D:10     | Noticed a smoke demon
  9014 | D:9      | Reached skill level 10 in Fighting
  9126 | D:10     | Noticed a sun demon
  9241 | D:9      | Gained mutation: You occasionally shout uncontrollably at
                  | your foes. [a neqoxec]
  9356 | D:10     | Reached skill level 14 in Axes
  9919 | D:10     | Noticed a gargoyle
 10136 | D:9      | Killed a gargoyle
 10206 | D:9      | Reached skill level 10 in Armour
 10346 | D:10     | Reached XP level 11. HP: 90/101 MP: 10/10
 10769 | D:10     | Reached skill level 15 in Axes
 11017 | D:10     | Killed a sun demon
 11403 | D:10     | Found a staircase to the Lair.
 11879 | D:10     | Noticed Maggie
 11891 | D:10     | Killed Maggie
 12213 | D:11     | Reached skill level 16 in Axes
 12259 | D:11     | Noticed Lodul
 12281 | D:11     | Killed Lodul
 12490 | D:11     | Noticed Gastronok
 12561 | D:11     | Killed Gastronok
 12562 | D:11     | Reached XP level 12. HP: 113/113 MP: 11/11
 13087 | D:11     | Noticed a two-headed ogre
 13094 | D:11     | Killed a two-headed ogre
 13095 | D:11     | Reached skill level 17 in Axes
 13595 | D:12     | Found a staircase to the Orcish Mines.
 14101 | Lair:1   | Entered Level 1 of the Lair of Beasts
 14328 | Lair:1   | Reached skill level 18 in Axes
 15467 | Lair:2   | Found a hole to the Spider Nest.
 15775 | Lair:2   | Noticed an eight-headed hydra
 15782 | Lair:2   | Killed an 11-headed hydra
 15810 | Lair:2   | Noticed a five-headed hydra
 15822 | Lair:2   | Killed a six-headed hydra
 15823 | Lair:2   | Reached XP level 13. HP: 91/120 MP: 12/12
 16291 | Lair:2   | Found a staircase to the Swamp.
 16519 | Lair:3   | Reached skill level 19 in Axes
 17091 | Lair:2   | HP: 5/118 [death yak (14)]
 17961 | Lair:3   | Noticed Nergalle
 17971 | Lair:3   | Killed Nergalle
 18805 | Lair:4   | Found a staircase to the Slime Pits.
 18890 | Lair:4   | Reached skill level 20 in Axes
 19375 | Lair:5   | Entered Level 5 of the Lair of Beasts
 19539 | Lair:5   | HP: 6/120 [catoblepas (6)]
 19805 | Lair:5   | Reached skill level 15 in Fighting
 19811 | Lair:5   | Reached XP level 14. HP: 135/135 MP: 13/13
 20943 | Lair:5   | Reached skill level 15 in Armour
 20951 | Lair:5   | Reached skill level 21 in Axes
 21697 | Orc:1    | Entered Level 1 of the Orcish Mines
 21710 | Orc:1    | Noticed Fannar
 21721 | Orc:1    | Killed Fannar
 21722 | Orc:1    | Noticed Erica
 21728 | Orc:1    | Killed Erica
 21733 | Orc:1    | Noticed Josephine
 21752 | Orc:1    | Killed Josephine
 22099 | Orc:2    | Entered Level 2 of the Orcish Mines
 22195 | Orc:2    | HP: 6/131 [poisoned by an orc warrior]
 22661 | Orc:2    | Paralysed by an orc sorcerer for 3 turns
 22681 | Orc:2    | Found Ashra's Armour Shoppe.
 22681 | Orc:2    | Found Lyggistri's Book Boutique.
 22687 | Orc:2    | Found a staircase to the Elven Halls.
 22796 | Orc:2    | Found Dauqij's Magic Scroll Shoppe.
 22796 | Orc:2    | Found Mouts's Weapon Boutique.
 22835 | Orc:2    | Bought a scroll of fog for 64 gold pieces
 22835 | Orc:2    | Bought a scroll of immolation for 64 gold pieces
 22835 | Orc:2    | Bought a scroll of enchant armour for 120 gold pieces
 22856 | Orc:2    | Noticed Saint Roka
 22893 | Orc:2    | Killed Saint Roka
 22893 | Orc:2    | HP: 4/108 [cloud of flame (2)]
 23768 | D:13     | Found a gate to the Vaults.
 23781 | D:13     | Reached skill level 22 in Axes
 23789 | D:13     | Reached XP level 15. HP: 49/141 MP: 14/14
 23795 | D:13     | HP: 2/141 [efreet/+1 scimitar of flaming (9)]
 23799 | D:13     | Noticed Snorg
 23804 | D:13     | Noticed Azrael
 24557 | D:13     | Noticed Sonja
 24571 | D:13     | Killed Sonja
 24905 | D:13     | Killed Snorg
 25241 | D:14     | Shot with an arrow by a centaur warrior

Illustrated notes

Levels and vault maps discovered:
D:1:      psy_arrival_dodecagon, layout_basic, shapermc_ecumenical_altar_petra,
          minmay_tromino_v4_a
D:2:      layout_basic, uniq_natasha
D:3:      layout_basic
D:4:      layout_rooms, minmay_temple_entry_ruins, enter_ossuary_4,
          minmay_strange_pillars, kennysheep_cross_bottleneck
D:5:      layout_basic, nicolae_wu_jian_immortal_techniques, st_stairs_9,
          roderic_serpentine_path, dk_noncrumbling_2, minmay_statues_item,
          kennysheep_flooded_box
D:6:      layout_basic
D:7:      layout_gridville
D:8:      hellmonk_destroyed_diamonds, layout_cave_pods, serial_shops,
          nicolae_shop_mannequins, minmay_gold_behind_fungi, uniq_joseph,
          uniq_pikel
D:9:      layout_stronghold
D:10:     layout_irregular_city, lair_entry_dummy, serial_demonic,
          serial_demonic_d, serial_demonic_a, serial_demonic_e,
          serial_demonic_d, serial_demonic_c, serial_demonic_d,
          serial_demonic_d, serial_demonic_e, serial_demonic_d,
          serial_demonic_a, uniq_maggie
D:11:     layout_irregular_city, uniq_lodul, uniq_gastronok
D:12:     layout_basic, minmay_orc_entry_temple_small, serial_curves,
          eino_curves_01, eino_curves_01
D:13:     layout_loops_ring, lightli_vaults_fourway_checkpoint, uniq_azrael,
          uniq_snorg, uniq_sonja
D:14:     layout_long_grid, portal_ice_cave_entry_ugly_swarm,
          minmay_misc_feat_cross
Lair:1:   wad_woods_04, layout_loops_ring, hangedman_tree_tricks,
          lemuel_fruit_tree
Lair:2:   layout_hall_layers, palyth_hydra_swamp_entry,
          spider_nest_entry_funnel_web, minivault_23, serial_bayou_shore_b,
          lemuel_fruit_fields
Lair:3:   layout_regular_city, serial_bayou_crossing, uniq_nergalle
Lair:4:   layout_roguey, slime_entry_1, nicolae_volcano_entry_vermiform,
          infiniplex_staircase_pool
Lair:5:   minmay_lair_end_enchanted_forest, layout_gridlike,
          nicolae_lair_grazing_beasts [nicolae_sub_lair_graze_edge,
          nicolae_sub_lair_graze_edge, nicolae_sub_lair_graze_edge,
          nicolae_sub_lair_graze_edge]
Orc:1:    layout_caves, uniq_erica, uniq_josephine, uniq_fannar
Orc:2:    st_orc_town, layout_diamond_mine, mines3_lemuel, uniq_saint_roka

Skill      XL: |  1  2  3  4  5  6  7  8  9 10 11 12 13 14 15 |
---------------+----------------------------------------------+-----
Fighting       | 4 5 6 7 9 10 12 13 15 16 | 16.6
Axes           | 4 5 6 7 8 10 12 14 16 18 20 22 | 22.5
Dodging        | 0 |  0.0
Armour         | 1 2 3 5 6 8 10 11 13 14 15 16 | 16.2

Action                     |  1- 3 |  4- 6 |  7- 9 | 10-12 | 13-15 || total
---------------------------+-------+-------+-------+-------+-------++-------
  Melee: Hand axe          |    74 |   179 |    61 |       |       ||   314
         Headbutt          |    18 |    42 |    50 |   133 |   297 ||   540
         War axe           |       |       |   141 |   502 |   978 ||  1621
 Invoke: Sacrifice Nimblen |     1 |       |       |       |       ||     1
         Sacrifice Artific |       |     1 |       |       |       ||     1
         Draw Out Power    |       |       |     1 |     6 |    14 ||    21
         Sacrifice Love    |       |       |     1 |       |       ||     1
         Sacrifice Resista |       |       |     1 |       |       ||     1
         Power Leap        |       |       |       |       |     2 ||     2
    Use: Scroll            |       |       |    11 |     2 |     9 ||    22
         Potion            |       |       |     7 |     3 |     8 ||    18
   Stab: Invisible         |       |       |     1 |     6 |    15 ||    22
         Paralysed         |       |       |     1 |    13 |     9 ||    23
         Distracted        |       |       |     1 |     4 |     7 ||    12
         Petrifying        |       |       |       |     3 |     1 ||     4
 Armour: Robe              |    15 |     4 |       |       |       ||    19
         Chain mail        |       |    83 |   115 |   134 |       ||   332
         Plate armour      |       |       |       |    83 |   576 ||   659
  Dodge: Dodged            |    45 |    72 |    93 |   165 |   278 ||   653

Table legend: (Time is in decaauts)
 A = Elapsed time spent in this place.
 B = Non-inter-level travel time spent in this place.
 C = Inter-level travel time spent in this place.
 D = Time resting spent in this place.
 E = Time spent auto-exploring this place.
 F = Levels seen in this place.
 G = Mean time per level.
                   A        B        C        D        E       F      G
               +--------+--------+--------+--------+--------+-----+--------+
         Total |  24878 |  24014 |    864 |   4048 |  16244 |  23 | 1081.7 |
       Dungeon |  15364 |  14801 |    563 |   2789 |   9980 |  14 | 1097.4 |
          Lair |   7328 |   7081 |    247 |   1081 |   4807 |   5 | 1465.6 |
  Orcish Mines |   1788 |   1734 |     54 |     67 |   1303 |   2 |  894.0 |
         Abyss |     59 |     59 |      0 |     18 |      0 |   1 |   59.0 |
       Ossuary |    338 |    338 |      0 |     93 |    153 |   1 |  338.0 |
               +--------+--------+--------+--------+--------+-----+--------+

Top non-repeatable levels by time:
     D:9: 2564 daAuts
    D:10: 2154 daAuts
  Lair:4: 1549 daAuts
  Lair:3: 1520 daAuts
  Lair:5: 1478 daAuts
     D:8: 1443 daAuts
    D:13: 1423 daAuts
  Lair:1: 1396 daAuts
  Lair:2: 1383 daAuts
   Orc:2: 1360 daAuts
    D:11: 1216 daAuts
     D:5: 1214 daAuts
     D:6: 981 daAuts
     D:3: 785 daAuts
     D:7: 751 daAuts
